 Dungeon Crawl Stone Soup version 0.25-a0-425-g0e000e855e (webtiles) character file.

Game seed: 13232155235560906519, levelgen mode: deterministic

128 Nattfarinn the Vexing (level 4, -17/24 HPs)
             Began as a Vampire Enchanter on Jan 24, 2020.
             Demolished by an orc warrior
             ... wielding a +0 war axe
              (18 damage)
             ... on level 3 of the Dungeon.
             The game lasted 00:04:39 (2457 turns).

Nattfarinn the Vexing (Vampire Enchanter)           Turns: 2457, Time: 00:04:39

Health: -17/24     AC:  2    Str:  8    XL:     4   Next: 87%
Magic:  7/7        EV: 12    Int: 17    God:
Gold:   66         SH:  0    Dex: 14    Spells: 1/7 levels left

rFire    . . .     SeeInvis +   l - +0 dagger (venom)
rCold    + + .     Gourm    .   (no shield)
rNeg     + + +     Faith    .   b - +0 robe
rPois    ∞         Spirit   .   (no helmet)
rElec    .         Reflect  .   (no cloak)
rCorr    .         Harm     .   (no gloves)
MR       .....                  (no boots)
Stlth    +++++.....             (no amulet)
HPRegen  0.00/turn              (no ring)
MPRegen  0.10/turn              (no ring)

@: bloodless, hasted, very quick
A: no food, fangs 3, see invisible, unbreathing
a: Bat Form, Revivify


You were on level 3 of the Dungeon.
You were bloodless.

You visited 1 branch of the dungeon, and saw 3 of its levels.

You collected 66 gold pieces.

Inventory:

Hand Weapons
 a - a +1 dagger
 l - a +0 dagger of venom (weapon)
Armour
 b - a +0 robe (worn)
Jewellery
 o - an uncursed ring of poison resistance {unknown}
Scrolls
 c - a scroll of magic mapping {unknown}
 e - 5 scrolls of identify {unknown}
 f - a scroll of remove curse {unknown}
 j - a scroll of enchant weapon {unknown}
Potions
 d - 3 potions of haste
 g - a potion of brilliance {unknown}
 h - a potion of heal wounds {unknown}
 i - a potion of flight {unknown}
 k - a potion of curing {unknown}
 m - a potion of berserk rage {unknown}
 n - a potion of magic {unknown}
 p - a potion of agility {unknown}


   Skills:
 + Level 2.6 Short Blades
 - Level 2.1 Dodging
 + Level 5.8 Stealth
 - Level 2.0 Spellcasting
 * Level 6.5 Hexes


You had one spell level left.
You knew the following spells:

 Your Spells              Type           Power        Failure   Level  Hunger
a - Corona                Hex            ###....      1%          1    N/A
b - Ensorcelled Hibernat  Hex/Ice        ##....       8%          2    N/A
c - Tukima's Dance        Hex            ###.....     4%          3    N/A

Your spell library contained the following spells:

 Spells                   Type           Power        Failure   Level  Hunger
 Confusing Touch          Hex            ###.....     4%          3    N/A
 Dazzling Flash           Conj/Hex       ##....       16%         3    N/A

Dungeon Overview and Level Annotations

Branches:
Dungeon (3/15)

Altars:
Trog


Innate Abilities, Weirdness & Mutations

You do not eat.
You do not regenerate when monsters are visible.
You are frail without blood (-20% HP).
You can heal yourself when you bite living creatures.
You are immune to poison.
You have razor-sharp teeth.
You have supernaturally acute eyesight. (SInv)
You can survive without breathing.


Message History

The orc priest shouts!
You hear a shout!
Things that are here:
a +0 short sword; a +0 leather armour The orc priest closely misses you.
You closely miss the orc priest. The adder bites you. x2
You barely miss the orc priest. The orc priest closely misses you.
The adder misses you.
You barely miss the orc priest. The orc priest hits you with a +0 club.
The adder bites you but does no damage.
The orc priest calls down the wrath of Beogh upon you.
Beogh smites you!
Ouch! That really hurt!
* * * LOW HITPOINT WARNING * * *
Things that are here:
a +0 short sword; a +0 leather armour It was a potion of haste.
You feel yourself speed up. The adder bites you but does no damage.
The orc priest barely misses you.
The orc warrior hits you with a +0 war axe!!
Ouch! That really hurt!
You die...

#.##....... ..
#.###...... .#
#.##...#### # ####
.# ##.#....#
..##...## .#
#.....###
........##.###...###
...........#....##
.......oo.##.##.#
......oS@....##.#
.......o#.#####.#
..#....##.# #.#
#.#####.# ##.#### #
#..###.......
###.###..#.##
#...).......#
#......###..#...#
###...####.##...#


You could see an orc warrior, 2 orc priests, an adder and an orc.

Vanquished Creatures
  A gnoll (D:1)
  5 adders (D:2)
  An ooze (D:2)
  5 worms
  3 orcs (D:3)
  A giant cockroach (D:1)
  7 goblins
  7 hobgoblins
  2 jackals (D:2)
  A quokka (D:2)
  10 bats
  A frilled lizard (D:2)
  7 kobolds
  5 rats
56 creatures vanquished.

Notes
Turn   | Place    | Note
-------+----------+-------------------------------------------
     0 | D:1      | Nattfarinn the Vampire Enchanter began the quest for the
                  | Orb.
     0 | D:1      | Reached XP level 1. HP: 13/13 MP: 3/3
   471 | D:1      | Reached skill level 5 in Hexes
   471 | D:1      | Reached XP level 2. HP: 5/15 MP: 3/5
   933 | D:1      | Learned a level 2 spell: Ensorcelled Hibernation
   986 | D:2      | Reached skill level 5 in Stealth
   986 | D:2      | Reached XP level 3. HP: 19/19 MP: 6/6
  1482 | D:2      | Reached skill level 6 in Hexes
  1482 | D:2      | Reached XP level 4. HP: 24/24 MP: 7/7
  1869 | D:2      | Found a bloodstained altar of Trog.
  2096 | D:3      | Learned a level 3 spell: Tukima's Dance
  2317 | D:3      | Noticed an orc warrior
  2456 | D:3      | HP: 1/24 [orc priest/divine providence (14)]
  2457 | D:3      | Demolished by an orc warrior

Levels and vault maps discovered:
D:1:      arrival_zaba_pyramid, layout_basic
D:2:      layout_basic, lemuel_round_altar, grunt_ministairs_3,
          minmay_small_reverse_x
D:3:      layout_rooms, nemelex_xobeh_ov_fountains_minmay,
          makhleb_blood_cavern_becter

Skill      XL: |  1  2  3 |
---------------+----------+-----
Hexes          | 5 6 |  6.5
Stealth        | 5 |  5.8
Short Blades   | 2 |  2.6
Dodging        | |  2.1
Spellcasting   | |  2.0

Action                   |  1- 3 |  4- 6 || total
-------------------------+-------+-------++-------
Melee: Dagger            |    81 |    65 ||   146
       Bite              |     9 |     3 ||    12
 Cast: Corona            |     2 |       ||     2
       Ensorcelled Hiber |     6 |     4 ||    10
 Abil: Exsanguinate      |     1 |       ||     1
  Use: Potion            |       |     1 ||     1
 Stab: Sleeping          |    22 |     7 ||    29
Armor: Robe              |    10 |    20 ||    30
Dodge: Dodged            |    37 |    36 ||    73

Table legend:
 A = Non-vault XP
 B = Vault XP
 C = Vault XP percentage of total XP
 D = Non-vault monster count
 E = Vault monster count
 F = Vault count percentage of total count
                 A         B        C        D         E       F
            +---------+---------+-------+---------+---------+-------
      Total |     152 |      32 |  17.4 |      50 |       6 |  10.7
            +---------+---------+-------+---------+---------+-------
        D:1 |      26 |       0 |   0.0 |       9 |       0 |   0.0
        D:2 |      94 |      32 |  25.4 |      29 |       6 |  17.1
        D:3 |      32 |       0 |   0.0 |      12 |       0 |   0.0
            +---------+---------+-------+---------+---------+-------
